 Dungeon Crawl Stone Soup version 0.30-a0-439-g9e77e4d916 (webtiles) character file.

Game seed: 13278621047139116394

92904 bande the Severer (level 16, -6/101 HPs)
             Began as a Gargoyle Fighter on Dec 10, 2022.
             Was the Champion of Okawaru.
             Killed from afar by a wretched star (21 damage)
             ... with a lance of force
             ... on level 2 of the Abyss.
             The game lasted 00:38:13 (24920 turns).

bande the Severer (Gargoyle Fighter)               Turns: 24920, Time: 00:38:13

Health: -6/101     AC: 33    Str: 23    XL:     16   Next: 7%
Magic:  22/22      EV: 11    Int:  5    God:    Okawaru [******]
Gold:   2504       SH: 12    Dex: 15    Spells: 14/15 levels left

rFire   . . .      SeeInvis .    Q - +9 war axe (vamp)
rCold   + + .      Faith    +    F - +0 kite shield
rNeg    + . .      Spirit   .    u - +2 chain mail of Sloth {rC+ Str+2 Int-5 Slay+4} rPois โˆž Reflect .
                                 (helmet restricted)
rElec   +          Harm     .    c - scarf {rC+ rF+}
rCorr   +          Rampage  .    J - +1 pair of gloves
Will    ++...      Clarity  +    P - +1 pair of boots of Brilliance {rElec rF- rCorr Slay+3}
Stlth   ..........               b - amulet of faith
HPRegen 0.36/turn                p - +4 ring of evasion
MPRegen 0.18/turn                h - ring of willpower

@: flying
A: sickness immunity, AC +12, big wings, negative energy resistance 1,
electricity resistance, torment resistance 1, petrification resistance, horns 1,
talons 1, iridescent scales 1, clarity, [deterioration 2], [screaming 2]
a: Renounce Religion, Heroism, Finesse, Duel


You were on level 2 of the Abyss.
You worshipped Okawaru.
Okawaru was exalted by your worship.
You visited 3 branches of the dungeon, and saw 20 of its levels.
You visited the Abyss 1 time.
You also visited: Ossuary.

You collected 2528 gold pieces.
You spent 24 gold pieces at shops.

Inventory:

Hand Weapons
 L - a +0 broad axe of flaming
 Q - a +9 vampiric war axe (weapon)
 U - a +3 broad axe of draining
Armour
 c - a scarf of resistance (worn)
 g - the +3 pair of seven-league boots {Rampage+โˆž}
   (Okawaru gifted it to you on level 5 of the Lair of Beasts)

   Its wearer moves as far as possible in that direction when moving towards
   enemies.
 n - a +0 cloak
 t - a +1 pair of boots
 u - the +2 chain mail of Sloth (worn) {rC+ Str+2 Int-5 Slay+4}
   (You found it on level 3 of the Dungeon)

   Str:       It affects your strength (+2).
   Int:       It affects your intelligence (-5).
   Slay:      It affects your accuracy & damage with ranged weapons and melee
   (+4).
   rC:        It protects you from cold.
 D - the +0 ring mail of Courage {+Blink rF- rC+++ Regen+}
   (You found it on level 13 of the Dungeon)

   rF:        It makes you vulnerable to fire.
   rC:        It renders you almost immune to cold.
   +Blink:    It lets you blink.
   Regen:     It increases your rate of health regeneration.
 F - a +0 kite shield (worn)
 I - a +0 hat
 J - a +1 pair of gloves (worn)
 P - the +1 pair of boots of Brilliance (worn) {rElec rF- rCorr Slay+3}
   (You found it on level 3 of the Lair of Beasts)

   Slay:      It affects your accuracy & damage with ranged weapons and melee
   (+3).
   rF:        It makes you vulnerable to fire.
   rElec:     It insulates you from electricity.
   rCorr:     It protects you from acid and corrosion.
Jewellery
 a - a ring of protection from fire
 b - an amulet of faith (around neck)
 h - a ring of willpower (right hand)
 p - a +4 ring of evasion (left hand)
 q - a ring of ice
 w - an amulet of guardian spirit
 y - the ring "Qimeuc" {Ice Int+6}
   (You found it on level 7 of the Dungeon)

   [ring of ice]

   It enhances your ice magic.
   Int:       It affects your intelligence (+6).
   rF:        It makes you vulnerable to fire.
   rC:        It protects you from cold.
 E - the amulet of the Telling Scavenger {Spirit rF+ rC- Str+5 Stlth+}
   (You found it on level 8 of the Dungeon)

   [amulet of guardian spirit]

   It causes incoming damage to be divided between your reserves of health and
   magic.
   Str:       It affects your strength (+5).
   rF:        It protects you from fire.
   rC:        It makes you vulnerable to cold.
   Stlth:     It makes you more stealthy.
 O - a ring of positive energy
 R - a ring of see invisible
 T - an amulet of reflection
 V - an amulet of regeneration
Wands
 s - a wand of flame (37)
 A - a wand of mindburst (13)
 C - a wand of iceblast (28)
 K - a wand of light (18)
Scrolls
 e - 8 scrolls of blinking
 i - a scroll of magic mapping
 k - 17 scrolls of identify
 m - 12 scrolls of teleportation
 r - 9 scrolls of poison
 v - a scroll of fear
 H - 2 scrolls of enchant armour
 W - a scroll of butterflies
 Y - a scroll of silence
Potions
 d - a potion of might
 f - a potion of magic
 j - 7 potions of mutation
 l - 18 potions of curing
 o - 4 potions of flight
 x - 7 potions of haste
 z - 2 potions of ambrosia
 B - 3 potions of heal wounds
 G - 2 potions of brilliance
 M - 4 potions of invisibility
 N - 2 potions of berserk rage
 X - a potion of resistance


   Skills:
 + Level 12.2 Fighting
 + Level 15.7 Axes
 + Level 11.5 Armour
 - Level 0.2 Dodging
 + Level 10.6 Shields
 * Level 7.6 Translocations
 - Level 8.7 Invocations
 - Level 9.2 Evocations


You had 14 spell levels left.
You knew the following spells:

 Your Spells              Type           Power      Damage    Failure   Level
a - Apportation           Tloc           14%        N/A       26%         1

Your spell library contained the following spells:

 Spells                   Type           Power      Damage    Failure   Level
 Portal Projectile        Hex/Tloc       6%         N/A       98%         3
 Vhi's Electric Charge    Tloc/Air       6%         N/A       98%         3
 Freeze                   Ice            0%         1d3       99%         1
 Necrotise                Necr           0%         1d4       99%         1
 Static Discharge         Conj/Air       0%         2-2/arc   100%        2
 Frozen Ramparts          Ice            0%         1d1       100%        3
 Hailstorm                Conj/Ice       0%         3d3       100%        3
 Ignite Poison            Fire/Tmut/Pois 0%         N/A       100%        3
 Kindle Blastsparks       Fire/Tloc/Air  4%         2d10      100%        3
 Ozocubu's Armour         Ice            0%         N/A       100%        3
 Airstrike                Air            0%         2d(0-16)  100%        4
 Dispel Undead            Necr           0%         3d6       100%        4
 Petrify                  Tmut/Erth      0%         N/A       100%        4
 Alistair's Intoxication  Tmut/Pois      0%         N/A       100%        5
 Arcjolt                  Conj/Air       0%         1d10      100%        5
 Blade Hands              Tmut           0%         N/A       100%        5
 Borgnjor's Vile Clutch   Necr/Erth      0%         N/A       100%        5
 Freezing Cloud           Conj/Ice/Air   0%         6-21      100%        5
 Irradiate                Conj/Tmut      0%         3d11      100%        5
 Lightning Bolt           Conj/Air       0%         1d11      100%        5
 Metabolic Englaciation   Hex/Ice        0%         N/A       100%        5
 Eringya's Noxious Bog    Tmut/Pois      0%         N/A       100%        6
 Ozocubu's Refrigeration  Ice            0%         4d7       100%        7
 Summon Small Mammal      Summ           Unusable   N/A       N/A         1
 Cigotuvi's Dreadful Rot  Necr/Pois/Air  Unusable   N/A       N/A         2
 Sublimation of Blood     Necr           Unusable   N/A       N/A         2
 Tukima's Dance           Hex            Unusable   N/A       N/A         3
 Animate Dead             Necr           Unusable   N/A       N/A         4
 Summon Lightning Spire   Summ/Air       Unusable   N/A       N/A         4
 Death Channel            Necr           Unusable   N/A       N/A         6
 Simulacrum               Ice/Necr       Unusable   N/A       N/A         6

Dungeon Overview and Level Annotations

Branches:
Dungeon (14/15)            Temple (1/1) D:4            Lair (5/5) D:10
 Shoals (0/4) Lair:3       Spider (0/4) Lair:2        Slime (0/5) Lair:4
    Orc (0/2) D:11         Vaults (0/5) D:13        Ossuary (visited)

Altars:
Cheibriados
Dithmenos
Elyvilon
Fedhas
Gozag
Hepliaklqana
Kikubaaqudgha
Makhleb
Nemelex Xobeh
Okawaru
Ru
Sif Muna
Trog
Uskayaw
Vehumet
Wu Jian
Xom
Yredelemnul
Zin
Jiyva

Shops:
D:5 *   D:7 *   D:10 *

Portals:
Abyss: D:8

Annotations:
D:3 1 runed translucent door
D:8 2 transporters, Darkkill's ghost, novice MiHu
Lair:2 exclusion: oklob plant


Innate Abilities, Weirdness & Mutations

You are immune to sickness and miasma.
Your stone body is resilient. (AC +12)
You are immune to poison.
Your large and strong wings let you fly.
You resist negative energy. (rN+)
You are resistant to electric shocks. (rElec)
You are resistant to unholy torment.
You are immune to petrification.
You have a pair of small horns on your head.
You have sharp toenails.
You are partially covered in iridescent scales. (AC +2)
You possess an exceptional clarity of mind.
[Your body often deteriorates upon taking damage.]
[You frequently scream uncontrollably at your foes.]


Message History

A raiju comes into view.
The raiju barks!
A wretched star comes into view.
You block the small abomination's attack.
You slash the small abomination!
The small abomination is moderately damaged.
The small abomination hits you.
* * * LOW HITPOINT WARNING * * *
You slash the small abomination!
The small abomination is severely damaged.
You slash the small abomination!
You destroy the small abomination!
Okawaru accepts your kill.
You slash the wretched star!
The wretched star is moderately damaged.
The wretched star pulses with an eldritch light!
You feel yourself wasting away.
You feel your body start to fall apart.
You feel the urge to shout.
You feel a strong urge to scream.
The raiju bursts into living lightning!
The living lightning hits the wretched star.
The wretched star resists.
The living lightning hits you but does no damage.
The raiju blinks!
You hit the wretched star. Your headbutt misses the wretched star.
The wretched star is moderately damaged.
The wretched star glows turbulently.
The lance of force hits you!
* * * LOW HITPOINT WARNING * * *
You are knocked back by the lance of force.
You slam into the crystal wall!
You barely miss the raiju.
The raiju bursts into living lightning!
The living lightning hits you. You resist.
* * * LOW HITPOINT WARNING * * *
The raiju blinks!
Unknown command.
Unknown command.
The wretched star glows turbulently.
The lance of force hits you!!
You die...

....3 .. # ...#
########..#
#......#. #
#.h*.ยง@#..#
#......#. ### .
#......#..#..## .
#.....#.####.......
. #...###.#
#........ . #..
.#####...... ... #.
.# #. ....###### ..
.. #.. ...##
#...... #


You could see a wretched star and a raiju.

Vanquished Creatures
  A tentacled starspawn (Abyss:2)
  2 dire elephants (Lair:5)
  A spriggan zombie (Abyss:2)
  An ice dragon (D:13)
  3 vault guards (D:13)
  2 ogre magi (D:13)
  A catoblepas (Lair:4)
  9 centaur warriors
  2 hydras
  9 boulder beetles
  5 death yaks
  A two-headed ogre (D:12)
  A thrashing horror (Abyss:2)
  A fire crab (shapeshifter) (D:13)
  A spectral dire elephant (Lair:5)
  A wretched star (Abyss:2)
  5 skeletal warriors
  A spectral death yak (Lair:5)
  A spectral anaconda (Lair:5)
  A glowing orange brain (Abyss:2)
  Pikel (D:9)
  A wizard (D:13)
  A deep elf archer (D:13)
  An obsidian statue (Lair:5)
  5 necromancers
  5 deep elf pyromancers
  7 ugly things
  5 manticores
  7 cyclopes
  A black mamba (Lair:1)
  21 elephants
  A dire elephant zombie (Lair:5)
  3 gargoyles
  12 cane toads
  10 rime drakes
  10 komodo dragons
  2 efreet (D:13)
  An unseen horror (D:10)
  5 kobold demonologists
  2 dire elephant skeletons (Lair:5)
  A hellwing (Abyss:2)
  An ancient zyme (Abyss:2)
  A meliai (D:13)
  A polar bear (Lair:1)
  5 trolls
  A hornet (D:8)
  A wind drake (Lair:3)
  21 blink frogs
  A hydra skeleton (Abyss:2)
  5 dream sheep (Lair:5)
  5 culicivoras (Lair:2)
  3 spectral elephants (Lair:5)
  3 large abominations (Abyss:2)
  3 wraiths
  19 humans (D:13)
  36 yaks
  6 basilisks
  3 wyverns
  Eustachio (D:4)
  9 vampire mosquitoes
  A death yak simulacrum (Lair:5)
  3 spectral cane toads (Lair:5)
  An acid dragon (D:13)
  12 water moccasins
  4 orc warriors
  2 ice beasts
  2 sky beasts
  11 wolves
  3 ogres
  2 elephant zombies (Lair:5)
  3 small abominations (Abyss:2)
  12 centaurs
  An elephant skeleton (Lair:5)
  5 phantoms
  5 kobold brigands
  20 bullfrogs
  3 gnoll sergeants
  A necrophage (D:5)
  5 cane toad simulacra (Lair:5)
  3 troll zombies (D:11)
  16 wights
  9 killer bees
  The ghost of sirJeffrey23 the Firebug, a weakling DrFE (D:3)
  8 howler monkeys
  4 jellies
  5 starcursed masses (Abyss:2)
  A hound (D:7)
  A gnoll bouda (D:5)
  15 orc priests
  An iron imp (D:4)
  10 iguanas
  Ijyb (D:3)
  14 orc wizards
  Natasha (thrice) (D:4)
  5 ogre zombies (D:11)
  3 mummies (Ossuary)
  6 adders
  21 gnolls
  A shadow imp (D:7)
  2 white imps
  2 ufetubi
  3 worms
  2 dart slugs
  41 orcs
  11 endoplasms
  A giant cockroach (D:1)
  A gnoll zombie (Ossuary)
  10 goblins
  A hobgoblin (D:1)
  6 jackals
  A quokka (D:3)
  3 ball pythons
  8 bats
  4 frilled lizards
  8 goblin zombies
  4 hobgoblin skeletons (D:11)
  8 hobgoblin zombies
  2 jackal zombies (D:3)
  24 kobolds
  4 kobold zombies (Ossuary)
  2 orc skeletons (D:11)
  13 orc zombies
  3 rats
  A spectral goblin (D:2)
  A butterfly (D:3)
666 creatures vanquished.

Vanquished Creatures (others)
  An ogre mage (D:13)
  A basilisk (Lair:4)
  A bush (Lair:5)
  34 fungi
  A lurking horror (Abyss:2)
  43 plants
  2 starspawn tentacles (Abyss:2)
  28 withered plants (Lair:5)
111 creatures vanquished.

Grand Total: 777 creatures vanquished

Notes
Turn   | Place    | Note
-------+----------+-------------------------------------------
     0 | D:1      | bande the Gargoyle Fighter began the quest for the Orb.
     0 | D:1      | Reached XP level 1. HP: 14/14 MP: 1/1
   200 | D:1      | Reached XP level 2. HP: 18/19 MP: 2/2
  1034 | D:2      | Reached XP level 3. HP: 24/24 MP: 3/3
  1073 | D:2      | Reached skill level 2 in Axes
  1131 | D:2      | Found a faded altar of an unknown god.
  1300 | D:2      | Found the +7 staff of the Meek {protect, meekguard}
  1603 | D:3      | Found a large runed translucent door.
  1603 | D:3      | Found a large runed translucent door.
  1605 | D:3      | Noticed sirJeffrey23's ghost (weakling DrFE)
  1607 | D:3      | Reached XP level 4. HP: 29/29 MP: 4/4
  1710 | D:3      | Found a burning altar of Makhleb.
  1710 | D:3      | Noticed a balrug
  1713 | D:3      | Noticed a hellwing
  1713 | D:3      | Noticed a hellwing
  1868 | D:3      | Found a shimmering altar of Xom.
  1984 | D:3      | Found a runed translucent door.
  1984 | D:3      | Noticed a human
  1991 | D:3      | Found a basalt altar of Yredelemnul.
  2016 | D:3      | Identified a scroll of acquirement
  2016 | D:3      | Acquired 1005 gold pieces
  2166 | D:3      | Reached XP level 5. HP: 21/33 MP: 5/5
  2169 | D:3      | Reached skill level 3 in Axes
  2396 | D:3      | Noticed Ijyb
  2409 | D:3      | Killed Ijyb
  2427 | D:3      | Identified the +2 chain mail of Sloth {rC+ Str+2 Int-5
                  | Slay+4}
  2790 | D:3      | Killed sirJeffrey23's ghost
  2862 | D:4      | Noticed a phantom
  2869 | D:3      | Killed a phantom
  2870 | D:3      | Reached skill level 4 in Axes
  2870 | D:3      | Reached XP level 6. HP: 36/39 MP: 6/6
  3602 | D:4      | Reached skill level 5 in Armour
  3602 | D:4      | Reached XP level 7. HP: 37/44 MP: 7/7
  3762 | D:4      | Found a staircase to the Ecumenical Temple.
  3781 | Temple   | Entered the Ecumenical Temple
  3788 | Temple   | Became a worshipper of Warmaster Okawaru
  3861 | D:4      | Noticed Natasha
  3873 | D:4      | Killed Natasha
  3882 | D:4      | Noticed Eustachio
  3893 | D:4      | Killed Eustachio
  3894 | D:4      | Reached skill level 5 in Axes
  3894 | D:4      | Reached skill level 1 in Invocations
  3911 | D:4      | Noticed Natasha
  3920 | D:4      | Killed Natasha
  3921 | D:4      | Reached skill level 5 in Fighting
  3982 | D:4      | Found a snail-covered altar of Cheibriados.
  4017 | D:4      | Noticed Natasha
  4025 | D:4      | Killed Natasha
  4026 | D:4      | Reached skill level 1 in Evocations
  4172 | D:4      | Found a white marble altar of Elyvilon.
  4214 | D:5      | Entered Level 5 of the Dungeon
  4244 | D:5      | Reached XP level 8. HP: 49/49 MP: 9/9
  4266 | D:5      | Identified the +1 pair of boots of the Resonant God {Harm
                  | Regen+ Int+4 Dex-5 Slay+2}
  4319 | D:5      | Found Uvoal's CLEARANCE SALE!.
  4337 | D:5      | Reached * piety under Okawaru
  4358 | D:5      | Bought a scroll of teleportation for 24 gold pieces
  4439 | D:5      | Gained mutation: You occasionally lose the ability to drink
                  | potions when taking damage. [potion of mutation]
  4439 | D:5      | Gained mutation: You are vulnerable to heat. (rF-) [potion
                  | of mutation]
  4439 | D:5      | Gained mutation: You possess an exceptional clarity of
                  | mind. [potion of mutation]
  4440 | D:5      | Lost mutation: You occasionally lose the ability to drink
                  | potions when taking damage. [potion of mutation]
  4440 | D:5      | Lost mutation: You are vulnerable to heat. (rF-) [potion of
                  | mutation]
  4440 | D:5      | Gained mutation: You have a pair of small horns on your
                  | head. [potion of mutation]
  4440 | D:5      | Gained mutation: You are partially covered in iridescent
                  | scales. (AC +2) [potion of mutation]
  4440 | D:5      | Gained mutation: You have sharp toenails. [potion of
                  | mutation]
  4662 | D:5      | Reached skill level 6 in Axes
  4946 | D:6      | Found a sand-covered staircase.
  4950 | Ossuary  | Entered an ossuary
  4950 | Ossuary  | Noticed a wraith
  4950 | Ossuary  | Noticed a wraith
  4950 | Ossuary  | Noticed a wraith
  5255 | Ossuary  | Noticed a wraith
  5260 | Ossuary  | Killed a wraith
  5357 | D:6      | Reached ** piety under Okawaru
  5358 | D:6      | Reached skill level 7 in Axes
  5358 | D:6      | Reached XP level 9. HP: 53/54 MP: 11/11
  6227 | D:7      | Found Paahuffi's Elemental Accessories.
  6417 | D:7      | Identified the ring "Qimeuc" {Ice Int+6}
  6518 | D:7      | Reached skill level 8 in Axes
  6727 | D:7      | Reached *** piety under Okawaru
  7338 | D:8      | Found a transporter.
  7369 | D:8      | Noticed an orange demon
  7411 | D:8      | Found a transporter.
  7415 | D:8      | Noticed Darkkill's ghost (novice MiHu)
  7416 | D:8      | Found a one-way gate to the infinite horrors of the Abyss.
  7442 | D:8      | Noticed a hornet
  7446 | D:8      | Killed a hornet
  7446 | D:8      | Received a gift from Okawaru
  7447 | D:8      | Reached skill level 5 in Invocations
  7459 | D:8      | Found a shadowy altar of Dithmenos.
  7504 | D:8      | Identified the amulet of the Telling Scavenger {Spirit rF+
                  | rC- Str+5 Stlth+}
  7508 | D:8      | Reached XP level 10. HP: 61/61 MP: 13/13
  7833 | D:8      | Found a sacrificial altar of Ru.
  8110 | D:8      | Noticed a thrashing horror
  8117 | D:8      | Noticed a white ugly thing
  8396 | D:9      | Reached skill level 5 in Shields
  8603 | D:9      | Reached **** piety under Okawaru
  8604 | D:9      | Reached skill level 9 in Axes
  8826 | D:9      | Noticed Pikel
  8834 | D:9      | Killed Pikel
  8945 | D:9      | Reached ***** piety under Okawaru
  9044 | D:9      | Found a shimmering blue altar of Sif Muna.
  9186 | D:9      | Received a gift from Okawaru
  9328 | D:10     | Entered Level 10 of the Dungeon
  9328 | D:10     | Found an opulent altar of Gozag.
  9359 | D:10     | Found Gozag's Platinum Reserve.
  9992 | D:10     | Reached XP level 11. HP: 16/67 MP: 15/15
  9994 | D:10     | HP: 1/67 [troll (4)]
  9997 | D:10     | Reached skill level 5 in Evocations
 10282 | D:10     | Reached skill level 10 in Axes
 10379 | D:10     | Found a staircase to the Lair.
 10729 | D:10     | Found an ornate altar of the Wu Jian Council.
 11105 | Lair:1   | Entered Level 1 of the Lair of Beasts
 11334 | Lair:1   | Identified the +4 dagger of Tohoatyj {flame, Will+ MP+9
                  | Int+4 Stlth+} (Okawaru gifted it to you on level 1 of the
                  | Lair of Beasts)
 11334 | Lair:1   | Received a gift from Okawaru
 13227 | Lair:1   | Received a gift from Okawaru
 13269 | Lair:2   | Noticed a boulder beetle
 13614 | Lair:2   | Killed a boulder beetle
 13657 | Lair:2   | Reached skill level 11 in Axes
 13697 | Lair:2   | Reached XP level 12. HP: 73/73 MP: 17/17
 13733 | Lair:2   | Found a hole to the Spider Nest.
 13748 | Lair:2   | Reached ****** piety under Okawaru
 13939 | Lair:2   | Received a gift from Okawaru
 14104 | Lair:2   | You fall into a shaft and drop 1 floor!
 15066 | Lair:3   | Found a staircase to the Shoals.
 15367 | Lair:3   | Noticed an eight-headed hydra
 15373 | Lair:3   | Killed a five-headed hydra
 15689 | Lair:3   | Learned a level 1 spell: Apportation
 15989 | Lair:3   | Identified the +1 pair of boots of Brilliance {rElec rF-
                  | rCorr Slay+3}
 16060 | Lair:3   | Reached skill level 12 in Axes
 16160 | Lair:3   | Reached skill level 1 in Translocations
 16797 | Lair:4   | Reached XP level 13. HP: 80/80 MP: 19/19
 17031 | Lair:4   | Received a gift from Okawaru
 17135 | Lair:4   | Found a viscous altar of Jiyva.
 17135 | Lair:4   | Found a staircase to the Slime Pits.
 17693 | Lair:5   | Entered Level 5 of the Lair of Beasts
 17857 | Lair:4   | Received a gift from Okawaru
 18150 | Lair:5   | Reached skill level 13 in Axes
 18259 | Lair:5   | Received a gift from Okawaru
 18259 | Lair:5   | Found the +3 pair of seven-league boots {Rampage+โˆž}
 18387 | Lair:5   | Reached skill level 10 in Armour
 18684 | Lair:5   | Reached skill level 10 in Fighting
 18684 | Lair:5   | Gained mutation: Your large and strong wings let you fly.
                  | [Gargoyle growth]
 18684 | Lair:5   | Reached XP level 14. HP: 88/88 MP: 20/20
 18786 | Lair:5   | Noticed a dire elephant
 18831 | Lair:5   | Noticed a dire elephant
 18845 | Lair:5   | Killed a dire elephant
 18943 | Lair:5   | Identified the +1 plate armour "Raogg" {rPois MP-9 Str+5
                  | Int+4} (Okawaru gifted it to you on level 5 of the Lair of
                  | Beasts)
 18943 | Lair:5   | Received a gift from Okawaru
 19123 | Lair:5   | Killed a dire elephant
 19360 | Lair:5   | Reached skill level 5 in Translocations
 19687 | Lair:5   | Reached skill level 14 in Axes
 20210 | D:11     | Found a staircase to the Orcish Mines.
 20333 | D:11     | Received a gift from Okawaru
 20805 | D:11     | Identified the +3 hand axe "Maustrec" {vamp, Str+3}
 21785 | D:12     | Reached XP level 15. HP: 94/94 MP: 21/21
 21790 | D:12     | Received a gift from Okawaru
 22622 | D:13     | Received a gift from Okawaru
 22745 | D:13     | Found a runed translucent door.
 22949 | D:13     | Paralysed by something for 3 turns
 23181 | D:13     | Reached skill level 15 in Axes
 23284 | D:13     | Identified the +3 ring mail of Ejil {*Slow rC- Dex+9 SInv}
                  | (Okawaru gifted it to you on level 13 of the Dungeon)
 23284 | D:13     | Received a gift from Okawaru
 23329 | D:13     | Identified the +8 dagger of the Wasteland {vamp, Drain
                  | Will++ SInv}
 23332 | D:13     | Identified the +0 ring mail of Courage {+Blink rF- rC+++
                  | Regen+}
 23570 | D:13     | Reached skill level 10 in Shields
 23637 | D:13     | Found a gate to the Vaults.
 24541 | Abyss:2  | Cast into level 2 of the Abyss (a wizard)
 24566 | Abyss:2  | Found a corrupted altar of Lugonu.
 24588 | Abyss:2  | Received a gift from Okawaru
 24739 | Abyss:2  | Reached XP level 16. HP: 27/101 MP: 22/22
 24832 | Abyss:2  | Noticed a tentacled starspawn
 24840 | Abyss:2  | Killed a tentacled starspawn
 24920 | Abyss:2  | Killed from afar by a wretched star

Illustrated notes

Levels and vault maps discovered:
D:1:      lemuel_arrival_tunnels, layout_loops_ring,
          nicolae_concentric_dashed_squares_mild, minmay_pentomino_u2
D:2:      layout_loops_ring, dreamdust_ecumenical_altar_drowned_temple,
          corexii_shack, chequers_serial_rivers_micro_e,
          minmay_misc_feat_more_columns
D:3:      kennysheep_goblin_castle, layout_basic, dk_yredelemnul_ordeal,
          xom_butterflies, makhleb_altar_promises_db,
          ebering_ghost_disaster_area, minmay_tree_intersection
D:4:      layout_rooms, slow_altar_2, nicolae_elyvilon_temple_path,
          minmay_temple_entry_proselytizer, uniq_eustachio, uniq_natasha
D:5:      layout_gridville, nicolae_shop_clearance
D:6:      layout_gridville, enter_ossuary_5
D:7:      layout_loops_corners, nicolae_elemental_shop, minmay_curled_crystal,
          chequers_garden, minmay_misc_feat_x
D:8:      layout_loops_corners, lemuel_doored_altar,
          mainiacjoe_overflow_chevrons, gammafunk_ghost_abyssal_escape,
          minmay_liquid_box
D:9:      layout_long_grid, overflow_temple_1_default, uniq_pikel
D:10:     layout_basic, nicolae_gozag_zags_fifth_avenue,
          pdpol_wu_jian_five_deadly_venoms, lair_entry_dummy, minivault_14,
          grunt_decor_cap
D:11:     layout_basic, zombieorc2_lemuel
D:12:     layout_basic
D:13:     minmay_the_grid_triangle_9x9_recursive_3
          [minmay_the_grid_triangle_9x9_intruding_spiral,
          minmay_the_grid_triangle_9x9_windchime,
          minmay_the_grid_triangle_9x9_impossible_snake,
          minmay_the_grid_triangle_9x9_prize_insulated,
          minmay_the_grid_triangle_9x9_from_above,
          minmay_the_grid_triangle_9x9_corruption,
          minmay_the_grid_triangle_9x9_steps,
          minmay_the_grid_triangle_9x9_warning,
          minmay_the_grid_triangle_9x9_subtriangle], layout_loops_ring,
          grunt_vaults_entry_tiered, minmay_between
D:14:     layout_irregular_city, chequers_serial_rivers_room_a
Temple:   nicolae_temple_x_marks_the_god
Lair:1:   layout_small_grid, st_stairs_12
Lair:2:   layout_big_grid, hellmonk_spider_entry_life_and_decay, st_stairs_12
Lair:3:   beast_lair_carwin_large_3, layout_cellular_growth,
          minmay_shoals_entry_beasts, serial_bayou, serial_bayou_lake_a,
          serial_bayou_lagoon_b, serial_bayou_pond_b, serial_bayou_pond_d
Lair:4:   layout_loops_ring, nicolae_slime_entry_slimehenge, st_stairs_11,
          grunt_megastairs_1
Lair:5:   due_jungle_book, layout_regular_city, minmay_lair_drake_nest,
          infiniplex_staircase_pool, lemuel_fruit_tree
Abyss:2:  base: D:14, serial_sigils_hangedman_gut,
          guppyfry_abyss_exit_glass_guarded

Skill      XL: |  1  2  3  4  5  6  7  8  9 10 11 12 13 14 15 |
---------------+----------------------------------------------+-----
Axes           | 2 4 5 7 8 9 11 12 13 14 15 | 15.7
Armour         | 4 5 6 7 8 9 10 11 | 11.5
Fighting       | 4 5 6 7 8 10 11 12 | 12.2
Shields        | 4 5 6 7 8 9 10 | 10.6
Invocations    | 1 3 5 6 7 8 |  8.7
Evocations     | 1 2 3 4 6 7 8 9 |  9.2
Translocations | 1 4 5 7 |  7.6
Dodging        | |  0.2

Action                   |  1- 3 |  4- 6 |  7- 9 | 10-12 | 13-15 | 16-18 || total
-------------------------+-------+-------+-------+-------+-------+-------++-------
Melee: War axe           |   119 |    88 |   273 |   198 |   909 |    33 ||  1620
       Headbutt          |       |       |    25 |   111 |   300 |    10 ||   446
       Kick              |       |       |     2 |       |       |       ||     2
       Broad axe         |       |       |       |   322 |    29 |       ||   351
  Use: Scroll            |     7 |     4 |    10 |     7 |    10 |       ||    38
       Potion            |       |       |     2 |     1 |     3 |       ||     6
 Stab: Petrified         |       |       |       |       |     2 |       ||     2
Armor: Scale mail        |    55 |       |       |       |       |       ||    55
       Chain mail        |    19 |    32 |   145 |   374 |   608 |    19 ||  1197
       Plate armour      |    13 |    45 |       |       |       |       ||    58
Dodge: Dodged            |    57 |    55 |   146 |   273 |   394 |    10 ||   935
Block: Buckler           |    35 |    19 |    45 |    12 |       |       ||   111
       Kite shield       |       |       |       |   299 |   542 |    11 ||   852

Table legend: (Time is in decaauts)
 A = Elapsed time spent in this place.
 B = Non-inter-level travel time spent in this place.
 C = Inter-level travel time spent in this place.
 D = Time resting spent in this place.
 E = Time spent auto-exploring this place.
 F = Levels seen in this place.
 G = Mean time per level.
                   A        B        C        D        E       F      G
               +--------+--------+--------+--------+--------+-----+--------+
         Total |  25165 |  24431 |    734 |   4676 |  14768 |  22 | 1143.9 |
       Dungeon |  15230 |  14647 |    583 |   1853 |   9880 |  14 | 1087.9 |
        Temple |     14 |     14 |      0 |      0 |      0 |   1 |   14.0 |
          Lair |   9144 |   8993 |    151 |   2823 |   4487 |   5 | 1828.8 |
         Abyss |    366 |    366 |      0 |      0 |    104 |   1 |  366.0 |
       Ossuary |    409 |    409 |      0 |      0 |    297 |   1 |  409.0 |
               +--------+--------+--------+--------+--------+-----+--------+

Top non-repeatable levels by time:
  Lair:1: 2428 daAuts
  Lair:3: 2096 daAuts
     D:3: 2006 daAuts
  Lair:5: 1986 daAuts
     D:9: 1622 daAuts
    D:13: 1558 daAuts
  Lair:4: 1335 daAuts
     D:7: 1306 daAuts
  Lair:2: 1297 daAuts
    D:10: 1275 daAuts
    D:12: 1270 daAuts
     D:8: 1072 daAuts
     D:2: 903 daAuts
    D:11: 843 daAuts
     D:6: 815 daAuts
